 Dungeon Crawl Stone Soup version 0.30.0-5-g1a98f26d00 (webtiles) character file.

Game seed: 7221682237012330598

226 EnegeticOcto the Digger (level 6, 0/75 HPs)
             Began as a Meteoran Earth Elementalist on May 11, 2023.
             Slain by a goblin
             ... wielding a +0 dagger
              (2 damage)
             ... on level 4 of the Dungeon.
             The game lasted 00:03:35 (494 turns).

EnegeticOcto the Digger (MeEE)                       Turns: 494, Time: 00:03:36

Health: 0/75       AC:  2    Str:  9    XL:     6   Next: 46%
Magic:  6/13       EV: 12    Int: 20    God:
Gold:   136        SH:  0    Dex: 14    Spells: 8/14 levels left

rFire   . . .        f - +1 quarterstaff (distort)
rCold   . . .        (shield currently unavailable)
rNeg    . . .        a - +0 robe
rPois   .            (no helmet)
rElec   .            (no cloak)
rCorr   .            (no gloves)
SInv    .            (no boots)
Will    .....        (no amulet) Stlth
                     (no ring)
HPRegen 0.32/turn    (no ring)
MPRegen 0.13/turn

%: no passive effects
@: berserking, very slightly contaminated, glowing, very quick
A: sense surroundings 1, otherworldly, glowing, explore regen
a: no special abilities


You were on level 4 of the Dungeon.
You visited 1 branch of the dungeon, and saw 4 of its levels.
You also visited: Sewer.

You collected 136 gold pieces.

Inventory:

Hand Weapons
 f - a +1 quarterstaff of distortion (weapon)
   (You found it on level 1 of the Dungeon)
Armour
 a - a +0 robe (worn)
Jewellery
 g - a ring of protection from fire
   (You found it on level 2 of the Dungeon)
Scrolls
 i - a scroll of immolation {unknown}
 k - a scroll of amnesia {unknown}
 l - a scroll of blinking {unknown}
 m - 2 scrolls of teleportation {@r3 !r}
Potions
 b - 2 potions of magic
 c - 2 potions of flight {unknown}
 d - a potion of might {unknown}
 h - a potion of brilliance {unknown}
 j - a potion of curing {unknown}


   Skills:
 + Level 2.4 Fighting
 - Level 2.4 Dodging
 - Level 1.4 Stealth
 + Level 4.6 Spellcasting
 + Level 2.7 Conjurations
 - Level 1.2 Transmutations
 + Level 5.2 Earth Magic


You had 8 spell levels left.
You knew the following spells:

 Your Spells              Type           Power      Damage    Failure   Level
a - Sandblast             Erth           50%        2d12      1%          1
b - Stone Arrow           Conj/Erth      40%        3d9       7%          3
p - Passwall              Tmut/Erth      14%        N/A       4%          2

Your spell library contained the following spells:

 Spells                   Type           Power      Damage    Failure   Level
 Petrify                  Tmut/Erth      17%        N/A       32%         4


Dungeon Overview and Level Annotations

Branches:
Dungeon (4/15) Zot: 1965    Sewer (visited)
 Temple: D:4-7

Altars:


Innate Abilities, Weirdness & Mutations

You passively map a small area around you.
You are easily found by Zot.
You glow in the dark.
You regain HP and MP as you explore.


Message History

Welcome back to the Dungeon!
There is a collapsed entrance here.
You enter the shallow water.
Moving in this stuff is going to be slow.
Found a scroll labelled PAETHI INOTAZ LEK.
Found a scroll of teleportation.
l - a scroll labelled PAETHI INOTAZ LEK
m - a scroll of teleportation {@r3 !r}
Found a scroll of teleportation.
Found 9 gold pieces.
A goblin comes into view. It is wielding a +0 club.
The goblin shouts!
You see here a scroll of teleportation {@r3 !r}.
m - 2 scrolls of teleportation {@r3 !r} (gained 1)
Casting: Sandblast (safe; 1% risk of failure)
Confirm with . or Enter, or press ? or * to list all spells.
Aiming: Sandblast (safe; 1% risk of failure)
Press: ? - help, Shift-Dir - straight line, f - goblin
Aim: a goblin, wielding a +0 club (79% to hit)
You miscast Sandblast.
You are very lightly contaminated with residual magic.
Nothing appears to happen.
Casting: Sandblast (safe; 1% risk of failure)
Confirm with . or Enter, or press ? or * to list all spells.
Aiming: Sandblast (safe; 1% risk of failure)
Press: ? - help, Shift-Dir - straight line, f/p - goblin
Aim: a goblin, wielding a +0 club (79% to hit)
The blast of sand hits the goblin!!
You kill the goblin!
You now have 136 gold pieces (gained 9).
An endoplasm comes into view.
Your magical contamination has completely faded away.
Casting: Sandblast (safe; 1% risk of failure)
Confirm with . or Enter, or press ? or * to list all spells.
Aiming: Sandblast (safe; 1% risk of failure)
Press: ? - help, Shift-Dir - straight line, f - endoplasm
Aim: an endoplasm (98% to hit)
The blast of sand hits the endoplasm!
You kill the endoplasm!
You open the door. 5 goblins and an ogre come into view.
The goblin shouts! x5; The ogre shouts!
You hear a shout! x2
A goblin comes into view. It is wielding a +0 dagger. x2
The goblin moves out of view.
You hear a shout!
Found 5 large rocks and 7 stones.
The goblin shouts!
You sock the goblin!
You kill the goblin!
You hit the goblin.
The goblin is devoured by a tear in reality.
You barely miss the goblin. The goblin closely misses you.
You hit the goblin.
You kill the goblin!
Your Fighting skill increases to level 2!
You hit the goblin.
The goblin is moderately wounded.
The goblin blinks!
Casting: Sandblast (safe; 1% risk of failure)
Confirm with . or Enter, or press ? or * to list all spells.
Aiming: Stone Arrow (dangerous; 10% risk of failure)
Press: ? - help, Shift-Dir - straight line, f - ogre
Aim: an ogre, wielding a +0 giant club (85% to hit)
The stone arrow hits the ogre!
The ogre is heavily wounded.
A goblin comes into view. It is wielding a +1 dagger of venom.
The ogre hits you with a +0 giant club!!
Ouch! That really hurt!
Casting: Stone Arrow (dangerous; 10% risk of failure)
Confirm with . or Enter, or press ? or * to list all spells.
Aiming: Stone Arrow (dangerous; 10% risk of failure)
Press: ? - help, Shift-Dir - straight line, f/p - ogre
Aim: an ogre, wielding a +0 giant club (heavily wounded, 85% to hit)
You miscast Stone Arrow.
You are very lightly contaminated with residual magic.
Nothing appears to happen.
The goblin hits you but does no damage. The ogre hits you with a +0 giant club!
* * * LOW HITPOINT WARNING * * *
A red film seems to cover your vision as you go berserk!
You feel yourself moving faster!
You feel mighty! The goblin hits you with a +0 dagger.
* * * LOW HITPOINT WARNING * * *
You completely miss the ogre.
The ogre is heavily wounded.
The goblin barely misses you. The ogre barely misses you.
You hit the ogre.
Space warps horribly around the ogre!!
You kill the ogre!
The goblin closely misses you.
Your Earth Magic skill increases to level 5!
You have reached level 6!
You feel clever.
You closely miss the goblin.
The goblin is moderately wounded.
The goblin hits you with a +0 dagger.
* * * LOW HITPOINT WARNING * * *
The goblin barely misses you.
You sock the goblin!
You kill the goblin!
The goblin hits you with a +0 dagger.
You die...

, * , ** , , ,*
,, ####, * ....,
, * ###(..# ,
.... * #gg(..#,
..., , * #g#,, ..
* * #@##** .##
#).# * ..# ###.##
..## ##..## ...##
###..##
..).#######...##
.....##.......#
..............#
...............#*


You could see 3 goblins.

Vanquished Creatures
  A water moccasin (Sewer)
  An ogre (D:4)
  3 worms (D:4)
  A dart slug (D:1)
  2 ball pythons
  4 endoplasms
  5 goblins
  A hobgoblin (D:1)
  A jackal (D:3)
  A quokka (D:3)
  6 bats
  A frilled lizard (D:2)
  A rat (D:1)
28 creatures vanquished.

Notes
Turn   | Place    | Note
-------+----------+-------------------------------------------
     0 | D:1      | EnegeticOcto the Meteoran Earth Elementalist began the
                  | quest for the Orb.
     0 | D:1      | Reached XP level 1. HP: 14/14 MP: 5/5
    52 | D:1      | Reached skill level 3 in Spellcasting
    52 | D:1      | Reached XP level 2. HP: 18/20 MP: 5/7
    76 | D:1      | Reached skill level 4 in Earth Magic
   254 | D:3      | Reached XP level 3. HP: 23/26 MP: 5/8
   258 | D:3      | Learned a level 2 spell: Passwall
   262 | D:3      | Learned a level 3 spell: Stone Arrow
   297 | D:4      | Found a glowing drain.
   321 | Sewer    | Entered a sewer
   346 | Sewer    | Noticed a water moccasin
   357 | Sewer    | Killed a water moccasin
   358 | Sewer    | Reached skill level 1 in Fighting
   358 | Sewer    | Reached skill level 4 in Spellcasting
   358 | Sewer    | Reached skill level 2 in Conjurations
   358 | Sewer    | Reached XP level 4. HP: 4/36 MP: 8/11
   358 | Sewer    | Reached XP level 5. HP: 5/41 MP: 8/12
   481 | D:4      | Noticed an ogre
   487 | D:4      | Reached skill level 2 in Fighting
   490 | D:4      | HP: 3/61 [goblin/+0 dagger (4)]
   492 | D:4      | Killed an ogre
   493 | D:4      | Reached skill level 5 in Earth Magic
   493 | D:4      | Reached XP level 6. HP: 5/50 MP: 6/13
   493 | D:4      | HP: 1/75 [goblin/+0 dagger (4)]
   494 | D:4      | Slain by a goblin

Illustrated notes

Levels and vault maps discovered:
D:1:      lightli_arrival_farm, layout_basic
D:2:      layout_loops_ring, grunt_decor_mini_mirrors, minmay_cut_off
D:3:      layout_rooms, grunt_ministairs_5
D:4:      layout_layer_cave, cheibrodos_sewer_entry_bend, minmay_ogre_servants

Skill      XL: |  1  2  3  4  5 |
---------------+----------------+-----
Spellcasting   | 3 4 |  4.6
Earth Magic    | 4 5 |  5.2
Fighting       | 1 2 |  2.4
Conjurations   | 2 |  2.7
Dodging        | |  2.4
Stealth        | |  1.4
Transmutations | |  1.2

Action                     |  1- 3 |  4- 6 || total
---------------------------+-------+-------++-------
  Melee: Quarterstaff      |    24 |    10 ||    34
   Cast: Sandblast         |    25 |     3 ||    28
         Stone Arrow       |     1 |     1 ||     2
    Use: Scroll            |     2 |       ||     2
         Potion            |       |     1 ||     1
 Armour: Robe              |    27 |     1 ||    28
  Dodge: Dodged            |    32 |     6 ||    38
